 Dungeon Crawl Stone Soup version 0.25.1-2-g60ff931df9 (webtiles) character file.

Game seed: 9764970324719802897

254 nikku the Skirmisher (level 5, -7/48 HPs)
             Began as a Minotaur Berserker on Nov 12, 2020.
             Was a Priest of Trog.
             Killed by divine providence
             ... invoked by an orc priest
              (12 damage)
             ... on level 4 of the Dungeon.
             The game lasted 00:05:35 (2310 turns).

nikku the Skirmisher (Minotaur Berserker)           Turns: 2310, Time: 00:05:36

Health: -7/48      AC: 11    Str: 22    XL:     5   Next: 90%
Magic:  4/4        EV: 11    Int:  4    God:    Trog [***...]
Gold:   120        SH:  0    Dex: 10    Spells: 4/4 levels left

rFire    . . .     SeeInvis .   a - +1 hand axe
rCold    . . .     Gourm    .   (no shield)
rNeg     . . .     Faith    .   g - +0 ring mail
rPois    .         Spirit   .   (helmet restricted)
rElec    .         Reflect  .   h - +2 cloak
rCorr    .         Harm     .   i - +1 pair of gloves
MR       .....     Rnd*Tele +   (no boots)
Stlth    ..........             e - amulet of the acrobat
HPRegen  0.16/turn              q - ring of teleportation (curse)
MPRegen  0.09/turn              (no ring)

@: no status effects
A: retaliatory headbutt, horns 2
a: Berserk, Trog's Hand, Renounce Religion


You were on level 4 of the Dungeon.
You worshipped Trog.
Trog was most pleased with you.
You were hungry.

You visited 1 branch of the dungeon, and saw 4 of its levels.

You collected 120 gold pieces.

Inventory:

Hand Weapons
 a - a +1 hand axe (weapon)
Missiles
 k - 19 poisoned darts (quivered)
Armour
 g - a +0 ring mail (worn)
 h - a +2 cloak (worn)
 i - a +1 pair of gloves (worn)
Jewellery
 e - an amulet of the acrobat (around neck)
 q - a cursed ring of teleportation (left hand)
Scrolls
 v - a scroll of teleportation
Potions
 b - a potion of degeneration {unknown}
 f - 2 potions of curing {unknown}
 j - a potion of magic {unknown}
 l - 3 potions of stabbing {unknown}
 m - a potion of heal wounds {unknown}
 n - a potion of haste {unknown}
 o - a potion of cancellation {unknown}
 r - a potion of brilliance {unknown}
 s - a potion of ambrosia {unknown}
 w - 2 potions of might {unknown}
Comestibles
 c - 6 rations
 d - 2 chunks of flesh


   Skills:
 + Level 5.5 Fighting
 + Level 5.4 Axes
 + Level 4.7 Armour
 - Level 2.1 Dodging


You had 4 spell levels left.
You didn't know any spells.
Your spell library was empty.

Dungeon Overview and Level Annotations

Branches:
Dungeon (4/15)
 Temple: D:4-7

Altars:
Wu Jian

Annotations:
D:4 Natasha


Innate Abilities, Weirdness & Mutations

You reflexively headbutt those who attack you in melee.
You have a pair of horns on your head.


Message History

The orc priest casts a cantrip, but nothing happens.
Natasha wildly gestures.
Natasha glows brightly for a moment.
Natasha closely misses you.
A bullfrog skeleton comes into view.
The orc priest miscasts a cantrip.
A ball python comes into view.
Natasha stares at you and mumbles some strange words.
You resist with some effort.
The bullfrog skeleton completely misses you.
The orc priest invokes the aid of Beogh against you.
Beogh smites you!
* * * LOW HITPOINT WARNING * * *
You hit the bullfrog skeleton.
The bullfrog skeleton is lightly damaged.
The bullfrog skeleton hits you.
* * * LOW HITPOINT WARNING * * *
The orc priest calls down the wrath of Beogh upon you.
Beogh smites you!
You die...

........## #.......§§§§§....
........# #........S....... ..
.......# ##........!...... ..?.
#....#####......g......g..
.....#<.....##.................
#.##.....#.#..##...#..........
#.............#......##†..###
.......##>#..Z..#..o.o.#...##
#.......##.#.##@h.o.o.......#
........#$....##..g.###.#....#
........#..#.....##..##.#......#
##...###...#...#.##.###........#
#.#. ....##..#.#..# ##......##
.#...#........ #o..#..# ..
#..##. ...##.... ## ..( .. .##
...


You could see 2 orc priests, Natasha, a gnoll, 2 orcs and a bullfrog skeleton.

Vanquished Creatures
  A howler monkey (D:4)
  An orc wizard (D:3)
  A worker ant (D:4)
  3 gnolls (D:3)
  4 adders (D:3)
  2 worms
  A dart slug (D:3)
  4 leopard geckos
  10 orcs (D:3)
  2 ball pythons
  8 bats
  4 giant cockroaches
  9 goblins
  8 hobgoblins
  3 jackals (D:2)
  4 kobolds
  2 frilled lizards
  14 rats
81 creatures vanquished.

Notes
Turn   | Place    | Note
-------+----------+-------------------------------------------
     0 | D:1      | nikku the Minotaur Berserker began the quest for the Orb.
     0 | D:1      | Reached XP level 1. HP: 19/19 MP: 0/0
   164 | D:1      | Reached XP level 2. HP: 13/27 MP: 1/1
   585 | D:1      | Reached XP level 3. HP: 33/33 MP: 2/2
  1166 | D:2      | Reached ** piety under Trog
  1483 | D:3      | Reached XP level 4. HP: 34/41 MP: 3/3
  1711 | D:3      | Found an ornate altar of the Wu Jian Council.
  1806 | D:3      | Reached skill level 5 in Fighting
  1806 | D:3      | Reached XP level 5. HP: 48/48 MP: 4/4
  1953 | D:3      | Reached skill level 5 in Axes
  2155 | D:3      | Reached *** piety under Trog
  2289 | D:4      | Noticed an ogre
  2295 | D:4      | Noticed Natasha
  2310 | D:4      | Killed from afar by an orc priest

Illustrated notes

Levels and vault maps discovered:
D:1:      shiori_shiawase, layout_rooms
D:2:      layout_loops_cross, first_ration
D:3:      layout_loops_ring, overflow_temple_1_default
D:4:      layout_cave_pools, gammafunk_temple_overflow_elements, temple_statues,
          grunt_ministairs_9, uniq_natasha

Skill      XL: |  1  2  3  4  5 |
---------------+----------------+-----
Fighting       | 4 5 |  5.5
Axes           | 4 5 |  5.4
Armour         | 3 4 |  4.7
Dodging        | |  2.1

Action                   |  1- 3 |  4- 6 || total
-------------------------+-------+-------++-------
Melee: Hand axe          |    69 |    86 ||   155
       Headbutt          |     9 |    23 ||    32
  Use: Scroll            |     2 |     6 ||     8
  Eat: Chunk             |     2 |     2 ||     4
Armor: Animal skin       |     5 |       ||     5
       Ring mail         |    16 |    25 ||    41
Dodge: Dodged            |    60 |    55 ||   115
